 Dungeon Crawl Stone Soup version 0.20-b1-18-gaa2fd62 (webtiles) character file.

24630 MTVSty1e the Fighter (level 13, -2/90 HPs)
             Began as a Gargoyle Fighter on May 24, 2017.
             Was a High Priest of Okawaru.
             Killed by divine providence
             ... invoked by a meliai
              (17 damage)
             ... on level 12 of the Dungeon.
             The game lasted 00:35:04 (12545 turns).

MTVSty1e the Fighter (Gargoyle Fighter)            Turns: 12545, Time: 00:35:05

Health: -2/90      AC: 30    Str: 25    XL:     13   Next: 14%
Magic:  13/18      EV: 10    Int:  9    God:    Okawaru [*****.]
Gold:   594        SH: 14    Dex: 11    Spells: 12/12 levels left

rFire    . . .     SeeInvis .   s - +0 broad axe (elec)
rCold    . . .     Gourm    .   c - +0 shield
rNeg     + . .     Faith    .   l - +1 plate armour
rPois    ∞         Spirit   .   (no helmet)
rElec    +         Reflect  .   f - +0 cloak
rCorr    .         Harm     .   E - +0 pair of gloves
MR       .....                  (no boots)
Stlth    ..........             (no amulet)
Regen    0.3/turn               g - ring of wizardry
MPRegen  0.2/turn               (no ring)

@: heroism, finesse
A: agile 1, negative energy resistance 1, electricity resistance, wild magic 1,
unbreathing, petrification resistance, rot immunity, AC +9
a: Heroism, Finesse, Renounce Religion


You were on level 12 of the Dungeon.
You worshipped Okawaru.
Okawaru was extremely pleased with you.
You were not hungry.

You visited 2 branches of the dungeon, and saw 13 of its levels.
You also visited: Ossuary and Bailey.

You collected 594 gold pieces.

Inventory:

Hand Weapons
 s - a +0 broad axe of electrocution (weapon)
 z - a +1 war axe
 P - a +1 dire flail of draining
Armour
 c - a +0 shield (worn)
 f - a +0 cloak (worn)
 i - a +0 large shield
 l - a +1 plate armour (worn)
 E - a +0 pair of gloves (worn)
Jewellery
 g - a ring of wizardry (left hand)
 p - an uncursed ring of fire
 L - the amulet "Hemeonoid" {Gourm -Tele Str+5 Int+4}
   (You acquired it on level 12 of the Dungeon)

   [amulet of the gourmand]

   It allows you to eat raw meat even when not hungry.
   It affects your strength (+5).
   It affects your intelligence (+4).
   It prevents most forms of teleportation.
Wands
 r - a wand of paralysis (14/24)
 t - a wand of clouds (5/9)
 x - a wand of lightning (6/15)
 y - a wand of flame (22/48)
 J - a wand of confusion (26/48)
 O - a wand of scattershot (5/9)
Scrolls
 b - a scroll of summoning
 h - 3 scrolls of amnesia
 j - 5 scrolls of identify
 k - 4 scrolls of fog
 m - a scroll of magic mapping
 A - 3 scrolls of remove curse
 F - a scroll of enchant armour
 I - a scroll of fear
Potions
 a - a potion of lignification
 d - 2 potions of might
 e - a potion of cancellation
 o - 2 potions of heal wounds
 q - 2 potions of ambrosia
 u - 6 potions of curing
 v - 2 potions of brilliance
 w - a potion of berserk rage
 B - a potion of agility
 C - a potion of mutation
 D - a potion of flight
 G - 2 potions of magic
Comestibles
 n - 7 bread rations
 H - 5 meat rations
 K - 5 fruits


   Skills:
 * Level 14.3(19.3) Fighting
 + Level 7.4(13.0) Axes
 - Level 4.7(12.0) Maces & Flails
 + Level 10.8(15.8) Armour
 + Level 10.9(15.9) Shields
 + Level 7.0 Invocations


You had 12 spell levels left.
You didn't know any spells.

Dungeon Overview and Level Annotations

Branches:
Dungeon (12/15)            Temple (1/1) D:7            Lair (0/6) D:10
    Orc (0/2) D:10

Altars:
Ashenzari
Dithmenos
Elyvilon
Gozag
Hepliaklqana
Kikubaaqudgha
Makhleb
Okawaru
Qazlal
Ru
Sif Muna
Trog
Uskayaw
Vehumet
Xom
Yredelemnul
Zin
The Shining One
Beogh
Lugonu

Shops:
D:4 %   D:8 *   D:9 *


Innate Abilities, Weirdness & Mutations

You are resistant to torment.
Your stone body is resilient. (AC +9)
You are immune to poison.
You resist negative energy. (rN+)
You are resistant to electric shocks. (rElec)
You can survive without breathing.
You are immune to petrification.
You are immune to rotting.
You are agile. (Dex +2)
Your spells are a little harder to cast, but a little more powerful.


Message History

The death knight is almost dead.
You closely miss the worker ant. You slice the centaur warrior!!
You block the centaur warrior's attack.
You slash the death knight!
You kill the death knight!
Okawaru is honoured by your kill.
Your Invocations skill increases to level 7!
You slice the centaur warrior!!
Lightning courses through the centaur warrior!
You kill the centaur warrior!
Okawaru is honoured by your kill.
You closely miss the worker ant. You block the worker ant's attack.
You block the orc warrior's attack.
Your plate armour prevents you from hitting the meliai.
You slice the worker ant!!
You kill the worker ant!
Okawaru accepts your kill.
The meliai invokes the aid of its god against you.
Something smites you!
You die...

.......#..##....
...)...#...#.c.# .|
.......##..##..# ##.#
........##./#.# #u.J
.####....##...# #.uy
....#.....###(####HH#
###.#.#...#..((.#Oo##
......##..#..#.(#y..#
##.#####..#.###)@)C#
##.#####..#. #(#|..#
#.........#....(#..##
#.........########..#
#............... #...
.#.#####........ #...
.#.##........... ##.#
.#.##........... ..
.#.##...........


You could see 2 ugly things, a two-headed ogre, a cyclops, 2 hippogriffs, an orc
warrior, a vampire mosquito, a meliai and a jelly.

Vanquished Creatures
  A death knight (D:12)
  A centaur warrior (D:12)
  2 two-headed ogres
  Nergalle (D:10)
  3 unseen horrors
  An orc knight (Bailey)
  A manticore (D:11)
  2 cyclopes
  An elephant (D:10)
  A gargoyle (D:12)
  Joseph (D:7)
  A troll (D:9)
  2 hornets
  Prince Ribbit (D:6)
  6 slime creatures (D:12)
  6 hippogriffs
  10 yaks
  A basilisk (D:10)
  A wyvern (D:11)
  Menkaure (D:4)
  A hungry ghost (D:11)
  Duvessa (D:7)
  A black bear (D:8)
  8 ice beasts
  2 sky beasts
  5 orc warriors
  A necrophage (D:10)
  10 ogres
  2 phantoms
  A crocodile (D:10)
  7 centaurs
  5 bullfrogs
  A wyvern zombie (D:4)
  2 wyvern skeletons
  16 scorpions
  Dowan (D:7)
  A water moccasin skeleton (D:10)
  7 killer bees
  9 electric eels (D:10)
  A howler monkey (D:5)
  2 bullfrog zombies
  7 crimson imps
  A quasit (D:6)
  2 bullfrog skeletons
  A centaur skeleton (D:6)
  A human zombie (Ossuary)
  9 orc priests
  2 hounds
  6 jellies
  8 orc wizards
  3 iguanas
  3 worker ants
  4 big kobold zombies (Ossuary)
  A hound skeleton (D:4)
  3 mummies
  A worker ant zombie (D:6)
  A howler monkey skeleton (D:8)
  21 gnolls
  17 adders
  4 scorpion zombies (Ossuary)
  A shadow imp (D:11)
  2 oozes
  2 adder zombies
  3 adder skeletons
  4 worms
  A dart slug (D:4)
  4 leopard geckos
  45 orcs
  2 ball pythons (D:3)
  A giant cockroach (D:8)
  3 goblins
  18 hobgoblins
  19 jackals
  4 quokkas
  5 bats
  A frilled lizard (D:2)
  4 goblin zombies (Ossuary)
  4 hobgoblin zombies (Ossuary)
  19 kobolds
  A kobold zombie (Ossuary)
  3 orc zombies (Ossuary)
  A quokka skeleton (D:5)
  6 rats
376 creatures vanquished.

Vanquished Creatures (collateral kills)
  An adder (D:6)
1 creature vanquished.

Vanquished Creatures (others)
  A mummy (Ossuary)
  A hobgoblin zombie (Ossuary)
2 creatures vanquished.

Grand Total: 379 creatures vanquished

Notes
Turn   | Place    | Note
-------+----------+-------------------------------------------
     0 | D:1      | MTVSty1e the Gargoyle Fighter began the quest for the Orb.
     0 | D:1      | Reached XP level 1. HP: 14/14 MP: 1/1
   312 | D:1      | Reached XP level 2. HP: 18/19 MP: 2/2
   565 | D:2      | Reached XP level 3. HP: 12/24 MP: 3/3
   957 | D:2      | Reached skill level 4 in Fighting
  1111 | D:2      | Reached XP level 4. HP: 29/29 MP: 4/4
  1326 | D:2      | Found a burning altar of Makhleb.
  1326 | D:2      | Found a shimmering altar of Xom.
  1887 | D:3      | Noticed an ogre
  1898 | D:3      | Killed an ogre
  1898 | D:3      | Reached XP level 5. HP: 7/34 MP: 5/5
  2146 | D:3      | Reached skill level 5 in Fighting
  2485 | D:3      | Reached XP level 6. HP: 39/40 MP: 6/6
  2569 | D:4      | Found an opulent altar of Gozag.
  2634 | D:4      | Noticed Menkaure
  2641 | D:4      | Killed Menkaure
  2658 | D:4      | Found Safaox's Food Boutique.
  2727 | D:4      | Noticed a phantom
  2789 | D:4      | Killed a phantom
  2789 | D:4      | Reached skill level 6 in Fighting
  2789 | D:4      | Reached skill level 5 in Armour
  2789 | D:4      | Reached skill level 5 in Shields
  2789 | D:4      | Reached XP level 7. HP: 23/46 MP: 7/7
  2906 | D:4      | Found a sand-covered staircase.
  3043 | Ossuary  | Entered an ossuary
  3354 | Ossuary  | Reached XP level 8. HP: 52/52 MP: 8/8
  3379 | Ossuary  | Reached skill level 7 in Fighting
  4020 | D:4      | Reached skill level 8 in Fighting
  4043 | D:4      | Found a glowing golden altar of the Shining One.
  4311 | D:5      | Entered Level 5 of the Dungeon
  4545 | D:5      | Reached skill level 1 in Axes
  4782 | D:5      | Reached XP level 9. HP: 60/60 MP: 9/9
  4909 | D:5      | Found a glowing silver altar of Zin.
  4909 | D:5      | Found a bloodstained altar of Trog.
  5064 | D:5      | Gained mutation: Your spells are a little harder to cast, but a little more powerful. [mutagenic meat]
  5065 | D:5      | Gained mutation: You do not regenerate when monsters are visible. [mutagenic meat]
  5066 | D:5      | Gained mutation: You are resistant to hostile enchantments. (MR+) [mutagenic meat]
  5067 | D:5      | Gained mutation: You are partially covered in slimy green scales. (AC +2) [mutagenic meat]
  5068 | D:5      | Lost mutation: You are resistant to hostile enchantments. (MR+) [mutagenic meat]
  5310 | D:6      | Reached skill level 9 in Fighting
  5582 | D:6      | Noticed Prince Ribbit
  5616 | D:6      | Killed Prince Ribbit
  6043 | D:6      | Found a shattered altar of Ashenzari.
  6266 | D:7      | Found a staircase to the Ecumenical Temple.
  6273 | Temple   | Entered the Ecumenical Temple
  6288 | Temple   | Became a worshipper of Warmaster Okawaru
  6485 | D:7      | Reached skill level 10 in Fighting
  6810 | D:7      | Reached XP level 10. HP: 67/68 MP: 10/10
  6970 | D:7      | Noticed Dowan
  6977 | D:7      | Noticed Duvessa
  6984 | D:7      | Killed Dowan
  7005 | D:7      | Killed Duvessa
  7005 | D:7      | Reached * piety under Okawaru
  7414 | D:7      | Noticed Joseph
  7428 | D:7      | Killed Joseph
  7943 | D:8      | Found a flagged portal.
  7956 | Bailey   | Entered a bailey
  7986 | Bailey   | Lost mutation: Your spells are a little harder to cast, but a little more powerful. [potion of mutation]
  7986 | Bailey   | Lost mutation: You are partially covered in slimy green scales. (AC +2) [potion of mutation]
  7986 | Bailey   | Lost mutation: You do not regenerate when monsters are visible. [potion of mutation]
  7986 | Bailey   | Gained mutation: You are partially covered in molten scales. (AC +2) [potion of mutation]
  7986 | Bailey   | Gained mutation: You have sharp toenails. [potion of mutation]
  7986 | Bailey   | Gained mutation: You are dopey. (Int -2) [potion of mutation]
  7986 | Bailey   | Gained mutation: You have a pair of small antennae on your head. [potion of mutation]
  8085 | Bailey   | Noticed an orc knight
  8101 | Bailey   | Lost mutation: You are partially covered in molten scales. (AC +2) [potion of mutation]
  8101 | Bailey   | Lost mutation: You have sharp toenails. [potion of mutation]
  8101 | Bailey   | Lost mutation: You have a pair of small antennae on your head. [potion of mutation]
  8101 | Bailey   | Lost mutation: You are dopey. (Int -2) [potion of mutation]
  8101 | Bailey   | Gained mutation: Your large and strong wings let you fly indefinitely. [potion of mutation]
  8101 | Bailey   | Gained mutation: You have a pair of small horns on your head. [potion of mutation]
  8101 | Bailey   | Gained mutation: Your flesh is cold resistant. (rC+) [potion of mutation]
  8227 | Bailey   | Killed an orc knight
  8227 | Bailey   | Reached skill level 11 in Fighting
  8227 | Bailey   | Reached skill level 1 in Invocations
  8330 | Bailey   | Reached skill level 12 in Fighting
  8330 | Bailey   | Reached skill level 5 in Axes
  8330 | Bailey   | Reached XP level 11. HP: 75/76 MP: 11/14
  8357 | D:8      | Reached ** piety under Okawaru
  8597 | D:8      | Found Toru Xee's Assorted Antiques.
  8968 | D:8      | Reached skill level 5 in Invocations
  9309 | D:9      | Found Xamiagh's Changing Room.
  9409 | D:9      | Noticed a two-headed ogre
  9417 | D:9      | Killed a two-headed ogre
  9417 | D:9      | Reached *** piety under Okawaru
  9651 | D:9      | Found a basalt altar of Yredelemnul.
  9807 | D:9      | Found a sacrificial altar of Ru.
  9810 | D:9      | Found a hide-covered altar of Uskayaw.
  9813 | D:9      | Found a stormy altar of Qazlal.
  9816 | D:9      | Found an ancient bone altar of Kikubaaqudgha.
 10269 | D:10     | Entered Level 10 of the Dungeon
 10487 | D:10     | Noticed a two-headed ogre
 10495 | D:10     | Reached XP level 12. HP: 54/82 MP: 12/16
 10501 | D:10     | Killed a two-headed ogre
 10501 | D:10     | Reached **** piety under Okawaru
 10501 | D:10     | Reached skill level 13 in Fighting
 10672 | D:10     | Found a staircase to the Lair.
 10729 | D:10     | Noticed Nergalle
 10753 | D:10     | Killed Nergalle
 10753 | D:10     | Reached skill level 10 in Shields
 10822 | D:10     | Lost mutation: You have a pair of small horns on your head. [potion of mutation]
 10822 | D:10     | Lost mutation: Your flesh is cold resistant. (rC+) [potion of mutation]
 10822 | D:10     | Lost mutation: Your large and strong wings let you fly indefinitely. [potion of mutation]
 10822 | D:10     | Gained mutation: You are dopey. (Int -2) [potion of mutation]
 10822 | D:10     | Gained mutation: You are occasionally teleported next to monsters. [potion of mutation]
 10822 | D:10     | Lost mutation: You are dopey. (Int -2) [potion of mutation]
 10823 | D:10     | Lost mutation: You are occasionally teleported next to monsters. [potion of mutation]
 10823 | D:10     | Gained mutation: You are agile. (Dex +2) [potion of mutation]
 10823 | D:10     | Gained mutation: Your spells are a little harder to cast, but a little more powerful. [potion of mutation]
 11020 | D:10     | Found a roughly hewn altar of Beogh.
 11042 | D:10     | Found a staircase to the Orcish Mines.
 11357 | D:10     | Reached skill level 10 in Armour
 11652 | D:11     | Reached ***** piety under Okawaru
 11691 | D:11     | Noticed a five-headed hydra
 12424 | D:12     | Reached skill level 14 in Fighting
 12505 | D:12     | Received a gift from Okawaru
 12509 | D:12     | Identified a scroll of acquirement
 12510 | D:12     | Got a scorched diamond amulet
 12511 | D:12     | Identified the amulet "Hemeonoid" {Gourm -Tele Str+5 Int+4} (You acquired it on level 12 of the Dungeon)
 12519 | D:12     | Reached XP level 13. HP: 80/90 MP: 18/18
 12545 | D:12     | Killed from afar by a meliai

Skill      XL: |  1  2  3  4  5  6  7  8  9 10 11 12 13 |
---------------+----------------------------------------+-----
Fighting       | 4 5 6 8 10 12 14 | 14.3
Shields        | 4 5 6 7 9 10 | 10.9
Armour         | 4 5 6 7 9 10 | 10.8
Maces & Flails | 3 4 |  4.7
Axes           | 1 3 5 6 7 |  7.4
Invocations    | 4 5 6 7 |  7.0

Action                   |  1- 3 |  4- 6 |  7- 9 | 10-12 | 13-15 || total
-------------------------+-------+-------+-------+-------+-------++-------
Melee: Flail             |   130 |   251 |   283 |       |       ||   664
       War axe           |       |       |   307 |       |       ||   307
       Broad axe         |       |       |    61 |   628 |    20 ||   709
       Kick              |       |       |       |    14 |       ||    14
       Headbutt          |       |       |       |    42 |       ||    42
Invok: Heroism           |       |       |       |     9 |     1 ||    10
       Finesse           |       |       |       |       |     1 ||     1
  Use: Potion            |       |     1 |       |    14 |     1 ||    16
       Scroll            |       |       |    19 |    12 |       ||    31
  Eat: Royal jelly       |     1 |       |     1 |     2 |       ||     4
       Bread ration      |       |     1 |     3 |       |       ||     4
       Chunk             |       |       |     6 |       |       ||     6
       Fruit             |       |       |     3 |       |       ||     3
       Meat ration       |       |       |       |     3 |       ||     3
Armor: Scale mail        |    43 |       |       |       |       ||    43
       Plate armour      |    57 |   156 |   477 |   604 |    12 ||  1306
Dodge: Dodged            |    47 |    31 |   124 |   190 |     5 ||   397
Block: Shield            |    77 |   118 |   362 |   524 |    23 ||  1104
